 Dungeon Crawl Stone Soup version 0.28.0-43-g3370ac3207 (webtiles) character file.

Game seed: 1086842478319847118

45 nickcage the Slasher (level 3, 0/31 HPs)
             Began as a Minotaur Fighter on Mar 28, 2022.
             Slain by Sigmund
             ... wielding a +0 scythe
              (7 damage)
             ... on level 2 of the Dungeon.
             The game lasted 00:02:38 (1318 turns).

nickcage the Slasher (Minotaur Fighter)             Turns: 1318, Time: 00:02:39

Health: 0/31       AC:  8    Str: 22    XL:     3   Next: 42%
Magic:  2/2        EV:  9    Int:  5    God:
Gold:   72         SH:  4    Dex:  9    Spells: 2/2 levels left

rFire   . . .      SeeInvis .   a - +0 long sword
rCold   . . .      Faith    .   c - +0 buckler
rNeg    . . .      Spirit   .   b - +0 scale mail
rPois   .          Reflect  .   (helmet restricted)
rElec   .          Harm     .   (no cloak)
rCorr   .          Rampage  .   g - +0 pair of gloves
Will    .....                   (no boots)
Stlth   ..........              h - amulet of the acrobat
HPRegen 0.10/turn               (no ring)
MPRegen 0.08/turn               (no ring)

@: no status effects
A: horns 2, retaliatory headbutt
a: no special abilities


You were on level 2 of the Dungeon.
You visited 1 branch of the dungeon, and saw 2 of its levels.

You collected 72 gold pieces.

Inventory:

Hand Weapons
 a - a +0 long sword (weapon)
Armour
 b - a +0 scale mail (worn)
 c - a +0 buckler (worn)
 g - a +0 pair of gloves (worn)
Jewellery
 h - an amulet of the acrobat (around neck)
Scrolls
 f - a scroll of enchant weapon {unknown}
 j - a scroll of amnesia {unknown}
 k - a scroll of fear {unknown}
Potions
 d - 2 potions of might
 e - a potion of flight {unknown}
 i - a potion of curing {unknown}
 l - a potion of attraction {unknown}


   Skills:
 - Level 3.6 Fighting
 + Level 4.7 Long Blades
 - Level 3.6 Armour
 - Level 3.6 Shields


You had 2 spell levels left.
You didn't know any spells.
Your spell library contained the following spells:

 Spells                   Type           Power      Damage    Failure   Level
 Magic Dart               Conj           0%         1d3       88%         1
 Call Imp                 Summ           0%         N/A       95%         2
 Mephitic Cloud           Conj/Pois/Air  0%         N/A       99%         3


Dungeon Overview and Level Annotations

Branches:
Dungeon (2/15)

Altars:

Shops:
D:1 *   D:2 :

Annotations:
D:2 Sigmund


Innate Abilities, Weirdness & Mutations

You have a pair of horns on your head.
You reflexively headbutt those who attack you in melee.


Message History

You slash the worm!
You kill the worm!
No target in view!
You see here a worm corpse.
Sigmund the Dreaded comes into view.
He is wielding a +0 scythe.
A rat comes into view.
Sigmund barely misses you.
You closely miss Sigmund. Your headbutt misses Sigmund. You hit Sigmund.
Sigmund is lightly wounded.
Sigmund gestures wildly while chanting.
Sigmund flickers and vanishes!
Deactivating autopickup; reactivate with Ctrl-A.
A magic dart appears from out of thin air!
The magic dart hits you.
A puff of flame appears from out of thin air!
The puff of flame hits you but does no damage.
The rat misses you.
You slash the rat!
You kill the rat!
Something hits you!
No target in view!
You see here a rat corpse.
Something barely misses you. Something barely misses you.
Something barely misses you.
You closely miss something. Something hits you.
You closely miss something. Your headbutt misses something. Something hits you.
You miss something. You headbutt something! You barely miss something.
Something hits you but does no damage.
You barely miss something. Your headbutt misses something.
You hear some strange, mumbled words.
A magic dart appears from out of thin air!
The magic dart hits you.
You barely miss something. Your headbutt misses something.
Something hits you but does no damage.
You slash something! Something hits you.
* * * LOW HITPOINT WARNING * * *
You barely miss something. Something hits you!
You die...

#.# #.# #.# #.#
#.# #.# #†#
#.#######.
#########.@.......
#......†..{######.
##.#######.# #.#
###


There were no monsters in sight!

Vanquished Creatures
  An adder (D:2)
  A worm (D:2)
  2 dart slugs
  A giant cockroach (D:1)
  6 goblins
  2 hobgoblins
  3 jackals (D:1)
  A quokka (D:1)
  4 ball pythons (D:1)
  3 bats (D:1)
  A frilled lizard (D:1)
  2 kobolds (D:1)
  2 rats
29 creatures vanquished.

Notes
Turn   | Place    | Note
-------+----------+-------------------------------------------
     0 | D:1      | nickcage the Minotaur Fighter began the quest for the Orb.
     0 | D:1      | Reached XP level 1. HP: 19/19 MP: 0/0
    94 | D:1      | Reached skill level 3 in Long Blades
   230 | D:1      | Found Litz's General Store.
   282 | D:1      | Reached XP level 2. HP: 26/26 MP: 1/1
   394 | D:1      | Found a faded altar of an unknown god.
   609 | D:1      | Reached skill level 4 in Long Blades
  1093 | D:2      | Reached XP level 3. HP: 31/31 MP: 2/2
  1095 | D:2      | Found Xon Gon's Book Shoppe.
  1299 | D:2      | Noticed Sigmund
  1318 | D:2      | Slain by Sigmund

Illustrated notes

Levels and vault maps discovered:
D:1:      sevenhm_arrival_forest_fort_large_4, layout_loops_cross,
          hellmonk_ecumenical_altar_run_dry, serial_shops,
          nicolae_shop_behind_doors
D:2:      layout_basic, serial_shops, nicolae_shop_stone, uniq_sigmund,
          uniq_crazy_yiuf_cottage

Skill      XL: |  1  2 |
---------------+-------+-----
Long Blades    | 3 4 |  4.7
Fighting       | |  3.6
Armour         | |  3.6
Shields        | |  3.6

Action                   || total
-------------------------++-------
Melee: Long sword        ||    73
       Headbutt          ||     6
Armor: Scale mail        ||    23
Dodge: Dodged            ||    37
Block: Buckler           ||    11
